cohdb
Replays
Latest Replays
All Replays
Popular Replays
Top Player Replays
Match Explorer
How It Works
Community
CoH3 Stats
Reddit
Sign in to upload your games and track your stats! →
Sign in with Steam
Match 26584661
Unlisted
Match 26584661
Overview
Messages
Build Orders
End
Selects Luftwaffe Battlegroup
Selects Luftwaffe Pioneer Support
Fallschirmpioneer Squad Paradrop
Kettenkrad Recon Vehicle
Fallschirmpioneer Squad Paradrop
Construct Infanterie Kompanie
GrW 34 Mortar Team
Construct Panzergrenadier Kompanie
Selects Stuka Strafing Run
Stuka Strafing Run
251 Medium Carrier
Selects Fallschirmjäger Squad Paradrop
Fallschirmjäger Squad Paradrop
Stuka Strafing Run
Pak 40 Anti-tank Gun Team
Pak 40 Anti-tank Gun Team
Stuka Strafing Run
Construct Panzer Kompanie
Selects Stuka Loiter
Insurmountable Odds
mRR
......................
Rashid al-Din Fadlullah Hamadani
Red
zZ_PERRO_Zz [ΔoH]
0
0
Comments
sign in to comment!
No comments posted yet!